 Dungeon Crawl Stone Soup version 0.25.0-41-g26779e291d (webtiles) character file.

Game seed: 6799896769314614032

196 Ethylacetat the Firebug (level 5, -7/31 HPs)
             Began as an Octopode Fire Elementalist on July 10, 2020.
             Mangled by Crazy Yiuf
             ... wielding a +4 quarterstaff of chaos
              (16 damage)
             ... on level 3 of the Dungeon.
             The game lasted 00:07:40 (3004 turns).

Ethylacetat the Firebug (OpFE)                      Turns: 3004, Time: 00:07:40

Health: -7/31      AC:  1    Str:  7    XL:     5   Next: 74%
Magic:  4/9        EV: 13    Int: 19    God:
Gold:   145        SH:  0    Dex: 12    Spells: 8/9 levels left

rFire    . . .     SeeInvis .   (no weapon)
rCold    . . .     Gourm    .   (no shield)
rNeg     . . .     Faith    .   (helmet restricted)
rPois    .         Spirit   .   (no amulet)
rElec    .         Reflect  .   k - +4 ring of slaying
rCorr    .         Harm     .   (no ring)
MR       .....                  (no ring)
Stlth    +++.......             (no ring)
HPRegen  0.10/turn              (no ring)
MPRegen  0.11/turn              (no ring)
                                (no ring)
                                (no ring)

@: very slightly contaminated
A: almost no armour, stealthy swim, amphibious, 8 rings, constrict 8, camouflage
1, gelatinous body 1
a: no special abilities


You were on level 3 of the Dungeon.
You were hungry.

You visited 1 branch of the dungeon, and saw 3 of its levels.

You collected 145 gold pieces.

Inventory:

Jewellery
 d - a +4 ring of evasion {unknown}
 k - a +4 ring of slaying (left tentacle)
Scrolls
 a - 3 scrolls of remove curse {unknown}
 c - a scroll of enchant weapon {unknown}
 f - 6 scrolls of identify {unknown}
Potions
 e - a potion of degeneration {unknown}
 g - 2 potions of invisibility {unknown}
 h - a potion of magic {unknown}
 i - a potion of cancellation {unknown}
 j - a potion of heal wounds {unknown}
Comestibles
 b - 2 rations


   Skills:
 - Level 2.0 Dodging
 - Level 2.6 Stealth
 + Level 2.9 Spellcasting
 * Level 3.4 Conjurations
 * Level 4.5 Fire Magic


You had 8 spell levels left.
You knew the following spells:

 Your Spells              Type           Power        Failure   Level  Hunger
a - Foxfire               Conj/Fire      ###.         3%          1    None

Your spell library contained the following spells:

 Spells                   Type           Power        Failure   Level  Hunger
 Conjure Flame            Conj/Fire      ###.....     9%          3    ###....
 Inner Flame              Hex/Fire       ##......     19%         3    ###....
 Sticky Flame             Conj/Fire      ###.....     30%         4    ####...
 Fireball                 Conj/Fire      ###.......   63%         5    ######.


Dungeon Overview and Level Annotations

Branches:
Dungeon (3/15)

Altars:
Dithmenos

Annotations:
D:3 Crazy Yiuf


Innate Abilities, Weirdness & Mutations

You cannot wear most types of armour.
You are very stealthy in the water. (Stealth+)
You are amphibious.
You can wear up to eight rings at the same time.
You can use your tentacles to constrict eight enemies at once.
Your skin changes colour to match your surroundings (Stealth+).
Your rubbery body absorbs attacks. (AC +1, EV +1)


Message History

You conjure some foxfire!
You flicker back into view.
The foxfire hits Crazy Yiuf.
Crazy Yiuf is almost dead.
The foxfire hits Crazy Yiuf but does no damage.
Crazy Yiuf is almost dead.
Casting: Foxfire (safe; 3% risk of failure)
Confirm with . or Enter, or press ? or * to list all spells.
You conjure some foxfire!
Your foxfire dissipates!
The foxfire hits Crazy Yiuf but does no damage.
Crazy Yiuf is almost dead.
Crazy Yiuf says, "Powder forty-two head!"
Crazy Yiuf says, "East turtle ladder!"
Casting: Foxfire (safe; 3% risk of failure)
Confirm with . or Enter, or press ? or * to list all spells.
You conjure some foxfire!
Crazy Yiuf hits you with a +4 quarterstaff of chaos!
Ouch! That really hurt!
You die...

#.#.##
####.#######♣♣♣♣♣
#.......##....♣.♣♣♣
#.##.##........♣..♣#
#.##.##.......♣♣♣♣.'
#.#..##.#....♣♣ ♣♣#
#.#.###.####♣♣
#.#v###.# #..@g...#
###v################
#.####............
#......#######.#.#
######## #.#.# #)#.#
#.#.. #.### #.#


You could see Crazy Yiuf.

Vanquished Creatures
  A crimson imp (D:2)
  An orc wizard (D:3)
  Terence (D:3)
  3 adders (D:2)
  An ooze (D:1)
  3 leopard geckos
  3 orcs (D:3)
  5 giant cockroaches
  8 goblins
  3 hobgoblins
  14 jackals
  7 kobolds
  2 quokkas (D:2)
  2 ball pythons
  6 bats
  4 frilled lizards
  4 rats
68 creatures vanquished.

Vanquished Creatures (collateral kills)
  An orc (D:3)
1 creature vanquished.

Vanquished Creatures (others)
  189 foxfires
189 creatures vanquished.

Grand Total: 258 creatures vanquished

Notes
Turn   | Place    | Note
-------+----------+-------------------------------------------
     0 | D:1      | Ethylacetat the Octopode Fire Elementalist began the quest
                  | for the Orb.
     0 | D:1      | Reached XP level 1. HP: 11/11 MP: 3/3
   106 | D:1      | Reached XP level 2. HP: 15/17 MP: 0/5
   662 | D:1      | Reached XP level 3. HP: 21/21 MP: 2/6
  1165 | D:2      | Reached XP level 4. HP: 24/27 MP: 1/7
  1310 | D:2      | Reached skill level 4 in Fire Magic
  1665 | D:2      | You fall into a shaft and drop 1 floor!
  1673 | D:3      | Found a shadowy altar of Dithmenos.
  1737 | D:3      | Noticed Terence
  1746 | D:3      | Killed Terence
  1746 | D:3      | Reached XP level 5. HP: 31/31 MP: 1/9
  2588 | D:3      | Found a runed translucent door.
  2589 | D:3      | Noticed Crazy Yiuf
  3004 | D:3      | Mangled by Crazy Yiuf

Illustrated notes

Levels and vault maps discovered:
D:1:      dpeg_arrival_rooms_with_view, layout_rooms
D:2:      layout_basic, st_stairs_8
D:3:      layout_loops_corners, grunt_dithmenos_smoke,
          chequers_serial_rivers_micro_a, uniq_crazy_yiuf_cottage, uniq_terence

Skill      XL: |  1  2  3  4 |
---------------+-------------+-----
Conjurations   | 2 3 |  3.4
Fire Magic     | 4 |  4.5
Dodging        | |  2.0
Stealth        | |  2.6
Spellcasting   | |  2.9

Action                   |  1- 3 |  4- 6 || total
-------------------------+-------+-------++-------
Melee: Unarmed           |    20 |    12 ||    32
       Tentacles         |     3 |     4 ||     7
       Constrict         |     4 |     4 ||     8
 Cast: Foxfire           |    62 |    70 ||   132
  Eat: Chunk             |     1 |     5 ||     6
Armor: Skin              |     3 |     3 ||     6
Dodge: Dodged            |    23 |    12 ||    35
